 Dungeon Crawl Stone Soup version 0.26-a0-667-g92642533e4 (webtiles) character file.

Game seed: 9257514151344236772

2 jasper the Sneak (level 1, -1/11 HPs)
             Began as a Spriggan Delver on Oct 18, 2020.
             Slain by a worker ant (7 damage)
             ... on level 4 of the Dungeon.
             The game lasted 00:00:38 (177 turns).

jasper the Sneak (Spriggan Delver)                   Turns: 177, Time: 00:00:38

Health: -1/11      AC:  2    Str:  8    XL:     1   Next: 25%
Magic:  2/2        EV: 18    Int: 11    God:
Gold:   12         SH:  0    Dex: 17    Spells: 0/0 levels left

rFire    . . .     SeeInvis +   h - +0 dagger
rCold    . . .     Faith    .   (shield restricted)
rNeg     . . .     Spirit   .   b - +0 robe
rPois    .         Reflect  .   (helmet restricted)
rElec    .         Harm     .   (no cloak)
rCorr    .         Rampage  .   (gloves unavailable)
MR       .....                  (boots unavailable)
Stlth    ++++......             (no amulet)
HPRegen  0.03/turn              (no ring)
MPRegen  0.08/turn              (no ring)

@: very quick
A: very small, unfitting armour, see invisible, speed 3
a: no special abilities


You were on level 4 of the Dungeon.
You visited 1 branch of the dungeon, and saw 2 of its levels.

You collected 12 gold pieces.

Inventory:

Hand Weapons
 a - a +0 short sword
 h - a +0 dagger (weapon)
Armour
 b - a +0 robe (worn)
Jewellery
 i - an uncursed amulet of faith
 j - an uncursed amulet of guardian spirit {unknown}
Wands
 g - a wand of digging (3)
Scrolls
 c - a scroll of fog
 d - a scroll of magic mapping
 e - a scroll of fear
Potions
 f - a potion of haste


   Skills:
 + Level 2.4 Fighting
 - Level 2.1 Short Blades
 + Level 3.0 Dodging
 + Level 7.3 Stealth
 + Level 0.2 Spellcasting


You couldn't memorise any spells.
You didn't know any spells.
Your spell library was empty.

Dungeon Overview and Level Annotations

Branches:
Dungeon (5/15)
 Temple: D:4-7

Altars:


Innate Abilities, Weirdness & Mutations

You are very small and have problems with some larger weapons.
You are too small for most types of armour.
You have supernaturally acute eyesight. (SInv)
You cover ground extremely quickly.


Message History

You continue taking off your amulet of faith.
The worker ant completely misses you.
You continue taking off your amulet of faith.
The worker ant misses you. x2
You continue taking off your amulet of faith.
The worker ant barely misses you.
You finish taking off your amulet of faith.
You start putting on your amulet.
You continue putting on your triangular golden amulet.
The worker ant bites you.
Keep equipping yourself?
You continue putting on your triangular golden amulet.
The worker ant closely misses you.
You continue putting on your triangular golden amulet.
The worker ant closely misses you. The adder skeleton closely misses you.
You continue putting on your triangular golden amulet.
The worker ant bites you but does no damage.
The adder skeleton misses you. The worker ant bites you!
Ouch! That really hurt!
You die...

(.# .)# ...# ..# ##.#.# .#
## ..# #.<#.# ..
...#..###.##.# .### ##.
##)........... .... #..
..............
#..###.####..).#......#.#
##...#.#@....#..........<
###.......Bz.#.Z.####Z##...
.....................a.....
....##...#..########.##...
.# #.......#### #.###..
......#.#......# #.# #..
#######...####.#####.# #..
#..## #.#.....# #.. #..#
#.......# #..


You could see a worker ant, an adder skeleton and a centaur skeleton
(wandering).

Vanquished Creatures
  An orc (D:4)
1 creature vanquished.

Notes
Turn   | Place    | Note
-------+----------+-------------------------------------------
     0 | D:5      | jasper the Spriggan Delver began the quest for the Orb.
     0 | D:5      | Reached XP level 1. HP: 11/11 MP: 2/2
    20 | D:5      | Noticed a centaur
   158 | D:4      | Noticed a worker ant
   177 | D:4      | Slain by a worker ant

Illustrated notes

Levels and vault maps discovered:
D:4:      layout_rooms, uniq_sigmund
D:5:      cheibrodos_fzero, layout_loops_ring, chequers_serial_rivers_micro_c,
          hangedman_decor_slide_cut

Action                   || total
-------------------------++-------
Melee: Dagger            ||     3
       Short sword       ||     1
 Stab: Sleeping          ||     1
Armor: Robe              ||     1
Dodge: Dodged            ||    17

Table legend: (Time is in decaauts)
 A = Elapsed time spent in this place.
 B = Non-inter-level travel time spent in this place.
 C = Inter-level travel time spent in this place.
 D = Time resting spent in this place.
 E = Time spent auto-exploring this place.
 F = Levels seen in this place.
 G = Mean time per level.
                   A        B        C        D        E       F      G
               +--------+--------+--------+--------+--------+-----+--------+
         Total |    142 |    142 |      0 |     70 |     16 |   2 |   71.0 |
       Dungeon |    142 |    142 |      0 |     70 |     16 |   2 |   71.0 |
               +--------+--------+--------+--------+--------+-----+--------+

Top non-repeatable levels by time:
     D:4: 120 daAuts
     D:5: 22 daAuts
